 Dungeon Crawl Stone Soup version 0.29-a0-340-g6efceafd81 (webtiles) character file.

Game seed: 2102674050851696335

751 spaghetti the Poker (level 7, -6/41 HPs)
             Began as an Octopode Chaos Knight on Apr 19, 2022.
             Was a Plaything of Xom.
             Mangled by an ice devil (10 damage)
             ... summoned by Xom
             ... on level 5 of the Dungeon.
             The game lasted 00:06:04 (4225 turns).

spaghetti the Poker (Octopode Chaos Knight)         Turns: 4225, Time: 00:06:05

Health: -6/41      AC:  1    Str: 12    XL:     7   Next: 78%
Magic:  16/16      EV: 13    Int: 14    God:    Xom [......]
Gold:   218        SH:  0    Dex: 13    Spells: 6/6 levels left

rFire   . . .      SeeInvis .   j - +11 spear "Pyret" {speed, *Corrode rElec rPois MP+9, polearm}
rCold   . . .      Faith    .   (no shield)
rNeg    . . .      Spirit   .   (helmet restricted)
rPois   +          Reflect  .   (no amulet)
rElec   +          Harm     .   (no ring)
rCorr   .          Rampage  .   (no ring)
Will    .....      Rage     1%  (no ring)
Stlth   ++........              (no ring)
HPRegen 0.13/turn               (no ring)
MPRegen 0.15/turn               (no ring)
                                (no ring)
                                (no ring)

@: attractive
A: almost no armour, amphibious, 8 rings, camouflage 1, gelatinous body 1,
(nimble swimmer 1), tentacles, berserk 1, frail 1
a: Renounce Religion


You were on level 5 of the Dungeon.
You worshipped Xom.
You were a very special plaything of Xom.
You visited 1 branch of the dungeon, and saw 5 of its levels.

You collected 218 gold pieces.


Innate Abilities, Weirdness & Mutations

You cannot wear most types of armour.
You are amphibious.
You can wear up to eight rings at the same time.
Your skin changes colour to match your surroundings (Stealth+).
Your rubbery body absorbs attacks. (AC +1, EV +1)
((You are camouflaged when in or above water. (Stealth+)))
You have tentacles for arms and can constrict up to eight enemies at once.
You tend to lose your temper in combat.
You are frail. (-10% HP)


   Skills:
 * Level 3.4 Fighting
 - Level 4.7 Long Blades
 + Level 6.9 Polearms
 + Level 0.8 Throwing
 + Level 2.6 Dodging


You had 6 spell levels left.
You didn't know any spells.
Your spell library contained the following spells:

 Spells                   Type           Power      Damage    Failure   Level
 Ozocubu's Armour         Ice            0%         N/A       65%         3
 Ozocubu's Refrigeration  Ice            0%         4d5       100%        7

Inventory:

Hand Weapons
 a - a +0 falchion of chaos {long}
 f - the +6 quarterstaff of the Exceptional God {vorpal, rPois, staff}
   (You found it on level 3 of the Dungeon)

   It inflicts extra damage upon your enemies.
   rPois:     It protects you from poison.
 i - a +2 short sword of protection {short}
   (You took it off a kobold on level 2 of the Dungeon)
 j - the +11 spear "Pyret" (weapon) {speed, *Corrode rElec rPois MP+9, polearm}
   (You found it on level 2 of the Dungeon)

   Attacks with this weapon are significantly faster.
   rElec:     It insulates you from electricity.
   rPois:     It protects you from poison.
   MP:        It affects your magic capacity (+9).
   *Corrode:  It may corrode you when you take damage.
Missiles
 c - 59 stones (quivered) {throwing}
 m - 8 poisoned darts {throwing}
 s - a boomerang {throwing}
 x - 6 curare-tipped darts {=fthrowing}
Magical Staves
 u - a staff of cold {!astaff}
   (You found it on level 4 of the Dungeon)
Jewellery
 q - an amulet of faith {!P}
   (You found it on level 3 of the Dungeon)
 y - a ring of ice
   (You found it on level 5 of the Dungeon)
Wands
 o - a wand of polymorph (11)
   (You took it off Grinder on level 3 of the Dungeon)
 v - a wand of flame (3)
   (You took it off Ijyb on level 5 of the Dungeon)
 B - a wand of iceblast (11)
   (You found it on level 5 of the Dungeon)
Scrolls
 g - a scroll of enchant weapon {unknown}
 k - a scroll of acquirement {unknown}
 r - a scroll of fog {unknown}
Potions
 h - a potion of lignification {unknown}
 p - a potion of magic
 t - a potion of ambrosia {unknown}
 w - a potion of cancellation {unknown}
 z - 2 potions of curing {unknown}
 A - 2 potions of might {unknown}
Miscellaneous
 b - a piece from Xom's chessboard (15/15)

Dungeon Overview and Level Annotations

Branches:
Dungeon (5/15)             Temple (0/1) D:4

Altars:
Ashenzari
Uskayaw
Zin

.#... .# ### ###..# .#
....# .# #...# .# ### #...#
.. ..#.##...# ## #.#..#...#
# ###.##.#..b############ #
#...##....ยงยง@4b.......#
#####....)....b##########.#
.........##.#.##### #.#
########.##.#.....# #.#
'.....#...........# #.#
#####.#..##...##..# #.# #
#..###..##..# #.# # #..#
#..##..# #.# #
#######.##..# #.#


You could see an ice devil (summoned, dazed, ally target) and a friendly hound
(summoned).


Message History

No target in view!
No target in view!
No target in view!
No target in view!
No target in view!
No target in view!
No target in view!
No target in view!
No target in view!
No target in view!
No target in view!
No target in view!
No target in view!
No target in view!
No target in view!
No target in view!
No target in view!
No target in view!
No target in view!
Things that are here:
a +0 flail {mace}; a +0 robe
c - 56 stones {throwing} (gained 1)
c - 59 stones {throwing} (gained 3)
x - 6 curare-tipped darts {=fthrowing}
z - a fuming inky potion
Found a stone staircase leading up.
You see here a +0 ring mail.
You open the door.
There is an open door here.
You now have 194 gold pieces (gained 16).
You now have 201 gold pieces (gained 7).
You now have 204 gold pieces (gained 3).
You now have 213 gold pieces (gained 9).
y - a ring of ice
Okay, then.
You open the door.
A - 2 dark potions
z - 2 fuming inky potions (gained 1)
Found a stone staircase leading down.
B - a wand of iceblast (11)
You now have 218 gold pieces (gained 5).
C - a scroll labelled ZEPHAPS FALELU "Time to have some fun!"
Unknown command.
As you read the scroll labelled ZEPHAPS FALELU, it crumbles to dust.
Wisps of shadow whirl around you...
It was a scroll of summoning.
The ice devil hits you! The ice devil freezes you!
* * * LOW HITPOINT WARNING * * *
๐Ÿ˜จ HP[-25]
You take 25 damage, and now have 16/41 hp.
MASSIVE DAMAGE!! (PAUSE) It was a potion of attraction.
You feel attractive to monsters.
Xom thinks this is hilarious!
The iron imp hits you.
* * * LOW HITPOINT WARNING * * *
Your hound bites the quasit but does no damage.
Your phantom hits the ice devil but does no damage.
The ice devil completely misses you. ๐Ÿ˜จ HP[-1]
You take 1 damage, and now have 15/41 hp.
It was a potion of heal wounds.
You feel much better.
Your hound closely misses the quasit.
The iron imp barely misses you.
Your phantom closely misses the ice devil.
The ice devil barely misses you.
Your hound closely misses the quasit. ๐Ÿ˜• HP[+17]
You regained 17 hp, and now have 32/41 hp.
Okay, then.
As you read the scroll labelled WUCZIO HIGRUNK, it crumbles to dust.
It is a scroll of enchant armour.
You aren't carrying any armour which can be enchanted further.
Your hound completely misses the quasit.
The iron imp hits you. The ice devil misses you.
Your phantom barely misses the ice devil. ๐Ÿ˜ฎ HP[-5]
You take 5 damage, and now have 27/41 hp.
As you read the scroll labelled COOKKA ZENUE, it crumbles to dust.
You speak a Word of immense power!
The ice devil convulses!
The iron imp convulses!
You kill the iron imp!
The iron imp disappears in a puff of smoke!
Your phantom convulses!
You destroy your phantom!
Your phantom dissolves into shadows!
The quasit convulses!
You kill the quasit!
The quasit disappears in a puff of smoke!
The white imp convulses!
You kill the white imp!
The white imp disappears in a puff of smoke!
It was a scroll of holy word.
The ice devil hits you. The ice devil freezes you!!
* * * LOW HITPOINT WARNING * * *
A shower of butterflies erupts from you! ๐Ÿ˜ฑ HP[-23]
You take 23 damage, and now have 4/41 hp.
MASSIVE DAMAGE!! (PAUSE)
You swap places.
The ice devil attacks as you move away! The ice devil hits you!
You die...

Skill      XL: |  1  2  3  4  5  6  7 |
---------------+----------------------+-----
Long Blades    | 4 |  4.7
Polearms       | 3 5 6 |  6.9
Fighting       | |  3.4
Throwing       | |  0.8
Dodging        | |  2.6

Action                   |  1- 3 |  4- 6 |  7- 9 || total
-------------------------+-------+-------+-------++-------
Melee: Falchion          |    31 |       |       ||    31
       Tentacles         |    10 |     7 |     4 ||    21
       Constrict         |     8 |     4 |     5 ||    17
       Short sword       |    14 |       |       ||    14
       Spear             |     7 |    60 |    66 ||   133
       Unarmed           |       |       |     3 ||     3
Throw: Stone             |    45 |    59 |    61 ||   165
  Use: Potion            |       |     2 |     2 ||     4
       Scroll            |       |       |     3 ||     3
 Stab: Sleeping          |     3 |     2 |       ||     5
Armor: Skin              |     7 |       |     2 ||     9
Dodge: Dodged            |    21 |     9 |    16 ||    46

Levels and vault maps discovered:
D:1:      dpeg_arrival_round_c, layout_basic, shapermc_ecumenical_altar_ellora
D:2:      layout_rooms, basic_altar, uniq_jessica
D:3:      layout_basic, chequers_avenue, uniq_grinder
D:4:      layout_basic, gammafunk_temple_overflow_pools,
          minmay_temple_entry_grid, minmay_misc_feat_iff, minmay_bent
D:5:      layout_basic, uniq_ijyb, uniq_blork_the_orc

Notes
Turn   | Place    | Note
-------+----------+-------------------------------------------
     0 | D:1      | spaghetti the Octopode Chaos Knight began the quest for the
                  | Orb.
     0 | D:1      | Reached XP level 1. HP: 16/16 MP: 1/1
     0 | D:1      | magus.rc [v1.9.6]
   298 | D:1      | Found a faded altar of an unknown god.
   399 | D:2      | Reached XP level 2. HP: 19/21 MP: 2/2
   498 | D:2      | XOM: enchant monster (bad)
   525 | D:2      | Found a hide-covered altar of Uskayaw.
   684 | D:2      | Reached skill level 4 in Long Blades
   684 | D:2      | Noticed Jessica
   688 | D:2      | Reached XP level 3. HP: 26/26 MP: 3/3
   688 | D:2      | XOM: butterfly on damage
   690 | D:2      | Killed Jessica
   780 | D:2      | XOM: silly message
   831 | D:2      | Identified the +11 spear "Pyret" {speed, *Corrode rElec
                  | rPois MP+9}
   959 | D:2      | Reached XP level 4. HP: 24/31 MP: 4/4
  1117 | D:3      | Reached skill level 1 in Polearms
  1227 | D:3      | XOM: 11-stop teleportation journey
  1239 | D:3      | Noticed a sky beast
  1253 | D:3      | Killed a sky beast
  1254 | D:3      | Reached skill level 3 in Polearms
  1254 | D:3      | Reached XP level 5. HP: 31/36 MP: 5/5
  1352 | D:3      | XOM: scenery: summon butterflies
  1449 | D:3      | XOM: 8-stop teleportation journey
  1651 | D:3      | Identified the +6 quarterstaff of the Exceptional God
                  | {vorpal, rPois}
  1849 | D:3      | Noticed Grinder
  1857 | D:3      | Killed Grinder
  1858 | D:3      | Reached skill level 5 in Polearms
  1858 | D:3      | Reached XP level 6. HP: 40/42 MP: 6/6
  1888 | D:3      | XOM: give mutations
  1888 | D:3      | Gained mutation: You tend to lose your temper in combat.
                  | [Xom's mischief]
  1888 | D:3      | Gained mutation: You are dopey. (Int -2) [Xom's mischief]
  1888 | D:3      | Gained mutation: You are frail. (-10% HP) [Xom's mischief]
  2303 | D:4      | You add the spells Ozocubu's Armour and Ozocubu's
                  | Refrigeration to your library.
  2360 | D:4      | Reached XP level 7. HP: 41/41 MP: 7/7
  2439 | D:4      | Found a staircase to the Ecumenical Temple.
  2451 | D:4      | XOM: smoke on damage
  2453 | D:4      | Reached skill level 6 in Polearms
  3130 | D:4      | Found a broken altar of Ashenzari.
  3132 | D:4      | Found a glowing silver altar of Zin.
  3376 | D:4      | XOM: give mutation
  3376 | D:4      | Lost mutation: You are dopey. (Int -2) [Xom's mischief]
  3615 | D:5      | XOM: noise
  3615 | D:5      | Entered Level 5 of the Dungeon
  3766 | D:5      | Noticed Ijyb
  3894 | D:5      | Killed Ijyb
  3933 | D:5      | Noticed Blork the orc
  3942 | D:5      | Killed Blork the orc
  4219 | D:5      | XOM: summons 4 hostile demons
  4220 | D:5      | Noticed an ice devil
  4224 | D:5      | HP: 4/41 [ice devil[Xom] (20)]
  4224 | D:5      | XOM: butterfly on damage
  4225 | D:5      | Mangled by an ice devil

Vanquished Creatures
  Grinder (D:3)
  A sky beast (D:3)
  An ogre (D:4)
  Blork the orc (D:5)
  A hound (D:4)
  Jessica (D:2)
  An orc wizard (D:3)
  Ijyb (D:5)
  7 gnolls
  5 adders
  A dart slug (D:2)
  12 orcs
  11 ball pythons
  6 endoplasms
  2 giant cockroaches
  6 hobgoblins
  3 quokkas
  2 bats (D:2)
  9 goblins
  7 kobolds
  5 rats
84 creatures vanquished.

Vanquished Creatures (others)
  A plant (D:1)
1 creature vanquished.

Grand Total: 85 creatures vanquished

Table legend:
 A = Non-vault XP
 B = Vault XP
 C = Vault XP percentage of total XP
 D = Non-vault monster count
 E = Vault monster count
 F = Vault count percentage of total count
                 A         B        C        D         E       F
            +---------+---------+-------+---------+---------+-------
      Total |     478 |     595 |  55.5 |      73 |      11 |  13.1
            +---------+---------+-------+---------+---------+-------
        D:1 |       9 |       0 |   0.0 |       6 |       0 |   0.0
        D:2 |      48 |      37 |  43.5 |      19 |       1 |   5.0
        D:3 |     193 |     286 |  59.7 |      19 |       1 |   5.0
        D:4 |     184 |     143 |  43.7 |      26 |       7 |  21.2
        D:5 |      44 |     129 |  74.6 |       3 |       2 |  40.0
            +---------+---------+-------+---------+---------+-------

Illustrated notes

Table legend:
 A = Kills in this place as a percentage of kills in entire the game.
 B = Kills by you in this place as a percentage of kills by you in the entire game.
 C = Kills by friends in this place as a percentage of kills by friends in the entire game.
 D = Other kills in this place as a percentage of other kills in the entire game.
 E = Experience gained in this place as a percentage of experience gained in the entire game.
 F = Experience gained in this place divided by the number of levels of this place that you have seen.
                   A       B       C       D       E      F
               +-------+-------+-------+-------+-------+----------------------
         Total | 100.0 | 100.0 |   N/A |   N/A | 100.0 | 214.6
       Dungeon | 100.0 | 100.0 |   N/A |   N/A | 100.0 | 214.6
               +-------+-------+-------+-------+-------+----------------------

Table legend: (Time is in decaauts)
 A = Elapsed time spent in this place.
 B = Non-inter-level travel time spent in this place.
 C = Inter-level travel time spent in this place.
 D = Time resting spent in this place.
 E = Time spent auto-exploring this place.
 F = Levels seen in this place.
 G = Mean time per level.
                   A        B        C        D        E       F      G
               +--------+--------+--------+--------+--------+-----+--------+
         Total |   4212 |   4103 |    109 |    695 |   2867 |   5 |  842.4 |
       Dungeon |   4212 |   4103 |    109 |    695 |   2867 |   5 |  842.4 |
               +--------+--------+--------+--------+--------+-----+--------+

Top non-repeatable levels by time:
     D:4: 1672 daAuts
     D:3: 1065 daAuts
     D:2: 714 daAuts
     D:1: 397 daAuts
     D:5: 362 daAuts
